 Dungeon Crawl Stone Soup version 0.29.1-12-g30fa7ad0bf (webtiles) character file.

Game seed: 5253945149926336477

35 hawla the Chiller (level 3, -8/26 HPs)
             Began as a Meteoran Ice Elementalist on Jan 9, 2023.
             Mangled by an ogre
             ... wielding a +0 giant spiked club
              (14 damage)
             ... on level 4 of the Dungeon.
             The game lasted 00:03:25 (909 turns).

hawla the Chiller (Meteoran Ice Elementalist)        Turns: 909, Time: 00:03:26

Health: -8/26      AC:  2    Str: 10      XL:     3   Next: 79%
Magic:  13/17      EV: 12    Int: 11 (18) God:
Gold:   101        SH:  0    Dex: 14      Spells: 3/7 levels left

rFire   + . .      SeeInvis .   (no weapon)
rCold   . . .      Faith    .   d - orb {*channel}
rNeg    . . .      Spirit   .   a - +0 robe
rPois   .          Reflect  .   (no helmet)
rElec   .          Harm     .   (no cloak)
rCorr   .          Rampage  .   (no gloves)
Will    .....                   (no boots)
Stlth   +.........              (no amulet)
HPRegen 0.08/turn               e - ring of magical power
MPRegen 0.15/turn               j - ring of protection from fire

@: freezing walls, glowing
A: sense surroundings 1, otherworldly, glowing, explore regen
a: no special abilities


You were on level 4 of the Dungeon.
You visited 1 branch of the dungeon, and saw 4 of its levels.

You collected 101 gold pieces.

Inventory:

Armour
 a - a +0 robe (worn)
 d - an orb of energy (worn)
Jewellery
 e - a ring of magical power (left hand)
 j - a ring of protection from fire (right hand)
Scrolls
 f - a scroll of identify
 g - a scroll of vulnerability
 h - a scroll of torment {unknown}
 i - a scroll of blinking {unknown}
Potions
 b - a potion of magic
 c - 2 potions of flight {unknown}


   Skills:
 - Level 2.4 Dodging
 - Level 1.4 Stealth
 - Level 2.6 Spellcasting
 - Level 4.3 Ice Magic
 + Level 3.5 Evocations


You had 3 spell levels left.
You knew the following spells:

 Your Spells              Type           Power      Damage    Failure   Level
a - Freeze                Ice            44%        1d6       4%          1
b - Frozen Ramparts       Ice            22%        1d4       14%         3

Your spell library contained the following spells:

 Spells                   Type           Power      Damage    Failure   Level
 Ozocubu's Armour         Ice            11%        N/A       14%         3
 Hailstorm                Conj/Ice       6%         3d4       73%         4


Dungeon Overview and Level Annotations

Branches:
Dungeon (4/15) Zot: 1491
 Temple: D:4-7

Altars:
Elyvilon


Innate Abilities, Weirdness & Mutations

You passively map a small area around you.
You are easily found by Zot.
You glow in the dark.
You regain HP and MP as you explore.


Message History

It is a scroll of identify.
g - a scroll of vulnerability
Found a club.
An ogre is nearby!
Found a stone staircase leading up.
Found a scroll labelled YNGOKU NAEH.
This spell is quite dangerous to cast!
Memorise Frozen Ramparts, consuming 3 spell levels and leaving 3?
You start memorising the spell.
You continue memorising. x3
The ogre barely misses you.
You finish memorising.
Spell assigned to 'b'.
Unknown command.
Casting: Freeze (safe; 4% risk of failure)
Confirm with . or Enter, or press ? or * to list all spells.
The spell is quite dangerous to miscast (14% risk of failure)!
Continue anyway?
Casting: Frozen Ramparts (quite dangerous; 14% risk of failure)
Press: ? - help, Dir - look around, f - activate The walls around you are covered in ice.
Casting: Frozen Ramparts (quite dangerous; 14% risk of failure)
Confirm with . or Enter, or press ? or * to list all spells.
Aiming: Freeze (safe; 4% risk of failure)
Press: ? - help, Shift-Dir - straight line, f - ogre
Aim: an ogre, wielding a +0 giant spiked club You freeze the ogre.
The ogre is lightly wounded.
Magical energy flows into your mind!
The wall freezes the ogre.
The ogre hits you with a +0 giant spiked club!!
Ouch! That really hurt!
* * * LOW HITPOINT WARNING * * *
Casting: Freeze (safe; 4% risk of failure)
Confirm with . or Enter, or press ? or * to list all spells.
Aiming: Freeze (safe; 4% risk of failure)
Press: ? - help, Shift-Dir - straight line, f/p - ogre
Aim: an ogre, wielding a +0 giant spiked club (lightly wounded)
You freeze the ogre.
The ogre is lightly wounded.
The wall freezes the ogre.
The ogre hits you with a +0 giant spiked club!
Ouch! That really hurt!
You die...

#..............##
####.#..###........## ,
......#.# ####......#
......#.# #...####
.....<#.# #.###..#,
......#.######......#
)...................# ,
......#O#####.......####
#######@# #......#....
#.# #.....#..... #..
*#....##.....#
##.?#.....##.....#
#.#.#..........#
.#,#..#######.. .# * ###
*,# *


You could see an ogre.

Vanquished Creatures
  An adder (D:2)
  A worm (D:2)
  An orc (D:3)
  3 ball pythons
  An endoplasm (D:2)
  A hobgoblin (D:2)
  2 quokkas
  3 frilled lizards (D:2)
  2 goblins
  4 kobolds
  4 rats
23 creatures vanquished.

Notes
Turn   | Place    | Note
-------+----------+-------------------------------------------
     0 | D:1      | hawla the Meteoran Ice Elementalist began the quest for the
                  | Orb.
     0 | D:1      | Reached XP level 1. HP: 14/14 MP: 5/5
   154 | D:2      | Reached skill level 1 in Evocations
   157 | D:2      | Reached XP level 2. HP: 13/20 MP: 6/6
   535 | D:2      | Reached XP level 3. HP: 21/26 MP: 8/8
   830 | D:3      | Found a white marble altar of Elyvilon.
   891 | D:4      | Noticed an ogre
   907 | D:4      | Learned a level 3 spell: Frozen Ramparts
   909 | D:4      | Mangled by an ogre

Illustrated notes

Levels and vault maps discovered:
D:1:      saegor_arrival_simple_e, layout_basic, minmay_misc_feat_roman
D:2:      layout_basic
D:3:      layout_loops_corners, mainiacjoe_overflow_small_starburst,
          serial_shops, shop
D:4:      layout_rooms, hangedman_abyss_or_decor_jellyfish_corner,
          minmay_misc_feat_four_crosses, uniq_crazy_yiuf_cottage

Skill      XL: |  1  2  3 |
---------------+----------+-----
Evocations     | 1 2 3 |  3.5
Dodging        | |  2.4
Stealth        | |  1.4
Spellcasting   | |  2.6
Ice Magic      | |  4.3

Action                   || total
-------------------------++-------
Melee: Unarmed           ||    12
 Cast: Freeze            ||    45
       Frozen Ramparts   ||     1
  Use: Scroll            ||     1
Armor: Robe              ||    10
Dodge: Dodged            ||    19
